 Dungeon Crawl Stone Soup version 0.27.1-1-g398f81649c (webtiles) character file.

Game seed: 3140387817465041568

94 Descartes the Sneak (level 4, 0/21 HPs)
             Began as a Spriggan Earth Elementalist on Sept 7, 2021.
             Slain by an orc (6 damage)
             ... on level 3 of the Dungeon.
             The game lasted 00:07:15 (2063 turns).

Descartes the Sneak (Spriggan Earth Elementalist)   Turns: 2063, Time: 00:07:16

Health: 0/21       AC:  2    Str:  5    XL:     4   Next: 38%
Magic:  9/9        EV: 18    Int: 16    God:
Gold:   49         SH:  0    Dex: 15    Spells: 5/9 levels left

rFire    . . .     SeeInvis +   k - +1 dagger (venom)
rCold    . . .     Faith    .   (shield restricted)
rNeg     . . .     Spirit   .   b - +0 robe
rPois    .         Reflect  .   (helmet restricted)
rElec    .         Harm     .   (no cloak)
rCorr    .         Rampage  .   (gloves unavailable)
Will     .....                  (boots unavailable)
Stlth    +++.......             (no amulet)
HPRegen  0.07/turn              (no ring)
MPRegen  0.11/turn              (no ring)

@: very quick
A: very small, no large weapons, unfitting armour, see invisible, speed 3
a: no special abilities


You were on level 3 of the Dungeon.
You visited 1 branch of the dungeon, and saw 3 of its levels.

You collected 49 gold pieces.

Inventory:

Hand Weapons
 f - a +0 hunting sling
 k - a +1 dagger of venom (weapon)
Missiles
 a - 39 arrows
 g - 18 poisoned darts
Armour
 b - a +0 robe (worn)
Jewellery
 c - a ring of fire
Scrolls
 d - a scroll of enchant weapon {unknown}
 e - a scroll of magic mapping {unknown}
 i - 2 scrolls of identify {unknown}
 l - a scroll of fear {unknown}
 p - a scroll of fog {unknown}
 r - a scroll of teleportation {unknown}
Potions
 h - a potion of haste {unknown}
 j - a potion of heal wounds {unknown}
 m - a potion of cancellation {unknown}
 n - a potion of ambrosia {unknown}
 o - a potion of lignification {unknown}
 q - a potion of curing {unknown}


   Skills:
 + Level 3.8 Dodging
 + Level 4.5 Stealth
 - Level 3.0 Spellcasting
 + Level 1.1 Conjurations
 - Level 1.3 Transmutations
 + Level 3.2 Earth Magic


You had 5 spell levels left.
You knew the following spells:

 Your Spells              Type           Power      Damage    Failure   Level
a - Sandblast             Erth           24%        2d8       4%          1
b - Stone Arrow           Conj/Erth      18%        3d8       22%         3

Your spell library contained the following spells:

 Spells                   Type           Power      Damage    Failure   Level
 Passwall                 Tmut/Erth      7%         N/A       11%         2
 Animate Skeleton         Necr           4%         N/A       19%         1
 Apportation              Tloc           4%         N/A       19%         1
 Corona                   Hex            2%         N/A       19%         1
 Summon Small Mammal      Summ           8%         N/A       19%         1
 Ensorcelled Hibernation  Hex/Ice        4%         N/A       28%         2
 Spider Form              Tmut/Pois      2%         N/A       38%         3
 Ozocubu's Armour         Ice            2%         N/A       50%         3
 Petrify                  Tmut/Erth      9%         N/A       58%         4
 Cause Fear               Hex            1%         N/A       88%         4
 Iskenderun's Battlesphe  Conj           6%         2d6       97%         5
 Fireball                 Conj/Fire      2%         3d4       99%         5
 Metabolic Englaciation   Hex/Ice        1%         N/A       99%         5
 Conjure Ball Lightning   Conj/Air       2%         3x3d6     100%        6
 Shadow Creatures         Summ           N/A        N/A       100%        6
 Statue Form              Tmut/Erth      6%         N/A       100%        6
 Dragon Form              Tmut           3%         N/A       100%        7
 Orb of Destruction       Conj           3%         9d1       100%        7
 Ozocubu's Refrigeration  Ice            1%         4d5       100%        7
 Dragon's Call            Summ           1%         N/A       100%        9


Dungeon Overview and Level Annotations

Branches:
Dungeon (2/15)

Altars:


Innate Abilities, Weirdness & Mutations

You are very small and have problems with some larger weapons.
You are too small for most types of armour.
You have supernaturally acute eyesight. (SInv)
You cover ground extremely quickly. (Speed+++)


Message History

You kill the orc!
You hit the orc.
The orc is poisoned.
The orc is moderately wounded.
The orc misses you.
You hit the orc.
The orc is almost dead.
The orc closely misses you.
You barely miss the orc.
The orc is almost dead.
You kill the orc!
You closely miss the orc. The orc misses you.
You closely miss the orc. The orc misses you.
You hit the orc.
The orc is poisoned.
The orc is moderately wounded.
The orc closely misses you.
You barely miss the orc.
The orc is moderately wounded.
The orc misses you.
You hit the orc but do no damage.
The orc looks as sick as possible!
The orc is moderately wounded.
The orc closely misses you.
You hit the orc but do no damage.
The orc looks as sick as possible!
The orc is moderately wounded.
The orc hits you with a +0 hand axe.
You hit the orc.
The orc is severely wounded.
You kill the orc!
You barely miss the orc. The orc misses you.
You closely miss the orc. The orc hits you with a +0 short sword.
* * * LOW HITPOINT WARNING * * *
You hit the orc.
The orc is moderately wounded.
The orc misses you.
You hit the orc.
The orc is poisoned.
The orc is severely wounded.
The orc closely misses you.
You hit the orc.
You kill the orc!
You closely miss the orc. The orc hits you with a +0 hand axe.
You die...

#......#......#.
#..>.........
#....'##### #....##
##....## #.#...#
#.#...#
#.#...##############
#.#...@o............
##..##.......######
#..##..........o..
#...+.............
##.##.......######
#....#.#####
####.#.# #...# #####


You could see an orc.

Vanquished Creatures
  4 adders (D:2)
  2 dart slugs
  4 orcs (D:3)
  5 endoplasms
  A giant cockroach (D:1)
  5 goblins
  4 hobgoblins
  5 jackals (D:1)
  A quokka (D:1)
  5 ball pythons
  2 bats
  2 frilled lizards (D:2)
  2 kobolds (D:1)
  7 rats
49 creatures vanquished.

Notes
Turn   | Place    | Note
-------+----------+-------------------------------------------
     0 | D:1      | Descartes the Spriggan Earth Elementalist began the quest
                  | for the Orb.
     0 | D:1      | Reached XP level 1. HP: 9/9 MP: 5/5
   206 | D:1      | Reached XP level 2. HP: 13/13 MP: 1/6
   953 | D:1      | Reached XP level 3. HP: 16/16 MP: 4/8
  1234 | D:2      | Learned a level 3 spell: Stone Arrow
  1322 | D:2      | Reached skill level 4 in Stealth
  1541 | D:2      | Reached skill level 1 in Conjurations
  1834 | D:2      | Reached XP level 4. HP: 21/21 MP: 4/9
  1971 | D:2      | You fall into a shaft and drop 1 floor!
  2063 | D:3      | Slain by an orc

Illustrated notes

Levels and vault maps discovered:
D:1:      minmay_arrival_four_loops, layout_basic
D:2:      layout_basic, minmay_misc_feat_secret_circle
D:3:      minmay_general_purpose_star, layout_basic, minmay_misc_feat_encased

Skill      XL: |  1  2  3  4 |
---------------+-------------+-----
Dodging        | 3 |  3.8
Earth Magic    | 3 |  3.2
Stealth        | 4 |  4.5
Conjurations   | 1 |  1.1
Spellcasting   | 3 |  3.0
Transmutations | |  1.3

Action                   |  1- 3 |  4- 6 || total
-------------------------+-------+-------++-------
Melee: Dagger            |    16 |    41 ||    57
 Cast: Sandblast         |    62 |     1 ||    63
 Stab: Sleeping          |       |     1 ||     1
Armor: Robe              |     5 |       ||     5
Dodge: Dodged            |    23 |    28 ||    51
